 Dungeon Crawl Stone Soup version 0.22-a0-293-gc9362ec4a2 (webtiles) character file.

75322 Infinimo the Bludgeoner (level 15, -1/187 HPs)
             Began as a Demonspawn Berserker on Mar 23, 2018.
             Was the Champion of Trog.
             Slain by an eight-headed hydra (4 damage)
             ... on level 6 of the Lair of Beasts on Mar 24, 2018.
             The game lasted 00:31:22 (23342 turns).

Infinimo the Bludgeoner (Demonspawn Berserker)     Turns: 23342, Time: 00:31:22

Health: -1/187     AC: 20    Str: 25    XL:     15   Next: 9%
Magic:  0/15       EV:  8    Int: 16    God:    Trog [******]
Gold:   1362       SH:  0    Dex: 18    Spells: 14/14 levels left

rFire    . . .     SeeInvis .   w - +5 dire flail (freeze)
rCold    . . .     Gourm    .   (shield currently unavailable)
rNeg     + . .     Faith    .   i - +0 plate armour
rPois    .         Spirit   +   (helmet unavailable)
rElec    .         Reflect  .   (no cloak)
rCorr    .         Harm     .   g - +0 pair of fencer's gloves {+Riposte Dex+3}
MR       +....                  I - +2 pair of boots
Stlth    ..........             (no amulet)
HPRegen  0.41/turn              F - ring of positive energy
MPRegen  0.14/turn              o - +6 ring of intelligence

@: berserking, studying 2 skills, slow
A: horns 3, thin metallic scales 1, powered by death 1, magic shield
a: Berserk, Trog's Hand, Brothers in Arms, Renounce Religion


You were on level 6 of the Lair of Beasts.
You worshipped Trog.
Trog was exalted by your worship.
You were hungry.

You visited 2 branches of the dungeon, and saw 20 of its levels.
You also visited: Sewer.

You collected 1432 gold pieces.
You spent 70 gold pieces at shops.

Inventory:

Hand Weapons
 w - a +5 dire flail of freezing (weapon)
Armour
 g - the +0 pair of fencer's gloves (worn) {+Riposte Dex+3}
   (You found it on level 5 of the Dungeon)

   It affects your dexterity (+3).
 i - a +0 plate armour (worn)
 I - a +2 pair of boots (worn)
Jewellery
 a - an uncursed ring of resist corrosion
 o - a +6 ring of intelligence (right hand)
 F - a ring of positive energy (left hand)
Wands
 u - a wand of acid (12)
 C - a wand of iceblast (16)
Scrolls
 e - 7 scrolls of teleportation
 j - 4 scrolls of remove curse
 m - 4 scrolls of fear
 t - 3 scrolls of identify
 y - 6 scrolls of blinking
 E - 4 scrolls of enchant weapon
Potions
 b - a potion of experience {unknown}
 d - 15 potions of curing
 f - a potion of haste
 h - 9 potions of might
 l - 5 potions of brilliance
 p - 4 potions of magic
 q - 4 potions of flight
 r - 2 potions of heal wounds
 s - a potion of cancellation
 v - 2 potions of ambrosia
 x - 2 potions of resistance
 z - 2 potions of berserk rage
 G - 2 potions of agility
Books
 n - a manual of Bows
 A - a manual of Long Blades
Miscellaneous
 B - a phantom mirror
Comestibles
 c - 37 rations
 k - 12 chunks of flesh


   Skills:
 - Level 13.7 Fighting
 * Level 19.0 Maces & Flails
 + Level 7.4 Armour
 - Level 1.7 Dodging


You had 14 spell levels left.
You didn't know any spells.

Dungeon Overview and Level Annotations

Branches:
Dungeon (14/15)            Temple (0/1) D:6            Lair (6/6) D:9
 Shoals (0/4) Lair:2        Snake (0/4) Lair:3        Slime (0/5) Lair:5
    Orc (0/2) D:10         Vaults (0/5) D:14

Altars:
Cheibriados
Fedhas
Gozag
Hepliaklqana
Makhleb
Nemelex Xobeh
Okawaru
Qazlal
Sif Muna
Trog
Uskayaw
Xom
The Shining One

Shops:
D:5 [   D:9 !   D:10 !   D:14 *


Innate Abilities, Weirdness & Mutations

You have a pair of large horns on your head.
You are partially covered in thin metallic scales. (AC +2)
You regenerate a little health from kills.
When hurt, damage is shared between your health and your magic reserves.


Message History

The eight-headed hydra bites you.
* * * LOW HITPOINT WARNING * * *
A manticore comes into view.
Your unstable footing causes you to fumble your attack.
Your unstable footing causes you to fumble your attack.
Your unstable footing causes you to fumble your attack.
The eight-headed hydra bites you.
* * * LOW HITPOINT WARNING * * *
The eight-headed hydra bites you.
* * * LOW HITPOINT WARNING * * *
The eight-headed hydra bites you!
* * * LOW HITPOINT WARNING * * *
The eight-headed hydra bites you!
* * * LOW HITPOINT WARNING * * *
Your unstable footing causes you to fumble your attack.
You are too berserk!
Your unstable footing causes you to fumble your attack.
Your unstable footing causes you to fumble your attack.
The eight-headed hydra bites you.
You die...

≈.≈..≈≈≈.≈.≈.≈.≈.≈≈..≈.≈.
#.≈≈##≈≈#.PP##≈≈##≈≈.#..
≈P##≈≈##≈≈##≈÷.#≈≈##≈≈##..
≈≈≈≈≈≈≈≈≈≈≈≈≈≈≈≈≈≈P≈≈≈≈≈≈.
≈≈≈≈≈≈≈≈≈≈≈≈P≈≈P≈≈≈P≈≈≈≈..
≈.#######.###########≈##..
#≈≈≈†≈≈≈≈≈≈# # P.
#≈≈≈#≈≈≈≈≈≈# #≈≈≈@≈†≈≈≈≈#
≈#≈≈≈D≈≈≈≈≈≈#
≈≈≈≈≈≈≈[[$?≈≈≈#
≈≈≈≈P≈≈)≈≈)≈≈≈#
≈8≈≈≈≈≈)≈≈:≈≈≈#
≈≈≈≈≈≈≈[%H:≈≈≈#
≈≈≈#≈≈≈≈≈≈≈≈≈≈#
P≈≈#≈≈≈#≈#≈≈≈≈#
#≈≈≈≈≈≈#≈≈≈#


You could see an eight-headed hydra and a manticore.

Vanquished Creatures
  A dire elephant (Lair:6)
  Snorg (D:14)
  Josephine (D:14)
  3 vault guards (D:14)
  10 hydras
  3 centaur warriors
  A death knight (D:14)
  3 two-headed ogres
  A catoblepas (D:13)
  A merfolk avatar (Lair:6)
  6 death yaks (Lair:2)
  The ghost of felirx the Blocker, a novice GrFi of Qazlal (D:9)
  An unseen horror (D:12)
  The ghost of Infinimo the Slicer, a novice KoBe of Trog (D:7)
  A wizard (D:14)
  A lindwurm (Lair:4)
  An ugly thing (D:11)
  2 necromancers (D:14)
  3 manticores
  An orb spider (shapeshifter) (D:12)
  A deep elf mage (D:12)
  3 cyclopes
  3 elephants
  3 black mambas
  17 spiny frogs
  Psyche (D:12)
  19 komodo dragons
  4 rime drakes
  A yaktaur (D:14)
  A queen bee (Lair:5)
  6 meliai
  3 hornets
  3 polar bears
  The ghost of Sassnad the Basher, an amateur MiFi of Okawaru (D:5)
  2 trolls
  26 blink frogs
  6 slime creatures (D:14)
  8 hippogriffs
  2 shadows
  5 wraiths (D:14)
  17 humans (D:14)
  A vampire (D:11)
  2 wyverns (D:13)
  3 basilisks
  11 yaks
  2 hungry ghosts
  The ghost of Satyr the Insei, an amateur DsTm (D:4)
  A steam dragon (D:13)
  3 nagas (Lair:3)
  A soldier ant (D:14)
  2 acid dragons
  10 porcupines
  15 water moccasins
  7 sky beasts
  A hornet zombie (D:10)
  A necrophage (D:12)
  A black bear (D:8)
  7 orc warriors
  14 wolves
  10 ogres
  3 phantoms
  4 ice beasts
  2 eyes of draining
  6 centaurs
  13 crocodiles
  10 big kobolds
  17 bullfrogs
  A wyvern zombie (D:9)
  2 gnoll sergeants (D:10)
  A wyvern skeleton (D:8)
  3 scorpions
  27 killer bees (Lair:5)
  13 wights
  A howler monkey (D:4)
  9 crimson imps
  A bullfrog zombie (D:13)
  5 centaur zombies
  2 quasits
  2 orc priests (D:12)
  4 centaur skeletons
  8 hounds
  A gnoll shaman (D:9)
  18 jellies
  4 bullfrog skeletons
  Terence (D:3)
  2 iguanas (D:12)
  6 orc wizards
  2 hell rats (Lair:4)
  10 worker ants
  2 hound skeletons
  A worker ant zombie (D:12)
  8 gnolls
  11 river rats
  10 adders
  4 shadow imps
  4 oozes
  5 worms
  2 adder skeletons
  5 dart slugs
  8 leopard geckos
  27 orcs
  5 giant cockroaches
  8 goblins
  8 hobgoblins
  21 jackals
  30 kobolds
  5 quokkas
  4 ball pythons
  15 bats
  7 frilled lizards
  A leopard gecko skeleton (D:8)
  4 quokka skeletons
  12 rats
653 creatures vanquished.

Vanquished Creatures (others)
  A bush (Lair:1)
  9 fungi
  24 plants
34 creatures vanquished.

Grand Total: 687 creatures vanquished

Notes
Turn   | Place    | Note
-------+----------+-------------------------------------------
     0 | D:1      | Infinimo the Demonspawn Berserker began the quest for the Orb.
     0 | D:1      | Reached XP level 1. HP: 18/18 MP: 1/1
    91 | D:1      | Reached skill level 3 in Maces & Flails
   101 | D:1      | Gained mutation: You have a pair of small horns on your head. [demonic ancestry]
   101 | D:1      | Reached XP level 2. HP: 21/24 MP: 2/2
   544 | D:1      | Reached XP level 3. HP: 27/29 MP: 3/3
   608 | D:1      | Reached ** piety under Trog
   904 | D:2      | Reached skill level 4 in Maces & Flails
   904 | D:2      | Gained mutation: You are partially covered in thin metallic scales. (AC +2) [demonic ancestry]
   904 | D:2      | Reached XP level 4. HP: 19/37 MP: 4/4
  1076 | D:2      | Noticed an ogre
  1084 | D:2      | Killed an ogre
  1084 | D:2      | Reached XP level 5. HP: 42/42 MP: 5/5
  1318 | D:2      | Reached skill level 5 in Maces & Flails
  1383 | D:2      | Found a snail-covered altar of Cheibriados.
  1383 | D:2      | Found an opulent altar of Gozag.
  1560 | D:3      | Found a snail-covered altar of Cheibriados.
  1577 | D:3      | Reached *** piety under Trog
  1935 | D:3      | Found an iron altar of Okawaru.
  1985 | D:3      | Noticed Terence
  1997 | D:3      | Killed Terence
  1997 | D:3      | Reached XP level 6. HP: 49/49 MP: 6/6
  2219 | D:4      | Noticed Satyr's ghost (amateur DsTm)
  2228 | D:4      | Killed Satyr's ghost
  2274 | D:4      | Found a burning altar of Makhleb.
  2277 | D:4      | Found a hide-covered altar of Uskayaw.
  2277 | D:4      | Noticed a dagger
  2278 | D:4      | Noticed a dagger
  2452 | D:4      | Reached skill level 6 in Maces & Flails
  2459 | D:4      | Reached skill level 5 in Fighting
  2569 | D:4      | Found a hazy altar of Hepliaklqana.
  2584 | D:4      | Reached **** piety under Trog
  2584 | D:4      | Gained mutation: You have a pair of horns on your head. [demonic ancestry]
  2584 | D:4      | Reached XP level 7. HP: 54/56 MP: 7/7
  2667 | D:4      | Found a glowing drain.
  2751 | Sewer    | Entered a sewer
  3034 | Sewer    | Reached skill level 7 in Maces & Flails
  3294 | D:4      | Found a deep blue altar of Sif Muna.
  3571 | D:4      | Found a blossoming altar of Fedhas.
  3755 | D:5      | Entered Level 5 of the Dungeon
  3770 | D:5      | Reached XP level 8. HP: 61/64 MP: 8/8
  3774 | D:5      | Found an iron altar of Okawaru.
  3775 | D:5      | Found the +0 pair of fencer's gloves {+Riposte Dex+3}
  4019 | D:5      | Reached skill level 8 in Maces & Flails
  4025 | D:5      | Reached ***** piety under Trog
  4045 | D:5      | Noticed Sassnad's ghost (amateur MiFi)
  4056 | D:5      | Killed Sassnad's ghost
  4165 | D:5      | Found Fats's Armour Shop.
  4621 | D:6      | Reached skill level 9 in Maces & Flails
  4658 | D:6      | Found a staircase to the Ecumenical Temple.
  4959 | D:6      | Found a stormy altar of Qazlal.
  5047 | D:6      | Found a bloodstained altar of Trog.
  5066 | D:6      | Found a sparkling altar of Nemelex Xobeh.
  5415 | D:7      | Noticed Infinimo's ghost (novice KoBe)
  5447 | D:7      | Killed Infinimo's ghost
  5447 | D:7      | Reached XP level 9. HP: 35/74 MP: 9/9
  6137 | D:8      | Received a gift from Trog
  6228 | D:8      | Reached skill level 10 in Maces & Flails
  6247 | D:8      | Noticed a two-headed ogre
  6268 | D:8      | Killed a two-headed ogre
  6636 | D:8      | Reached skill level 11 in Maces & Flails
  6696 | D:8      | Gained mutation: You regenerate a little health from kills. [demonic ancestry]
  6696 | D:8      | Reached XP level 10. HP: 82/82 MP: 0/10
  6922 | D:9      | Found a staircase to the Lair.
  7145 | D:9      | Noticed felirx's ghost (novice GrFi)
  7166 | D:9      | Killed felirx's ghost
  7432 | D:9      | Found Ofikluots's Distillery.
  7793 | D:9      | Reached skill level 12 in Maces & Flails
  8105 | D:10     | Entered Level 10 of the Dungeon
  8203 | D:10     | Found Aqab's Distillery.
  8208 | D:10     | Bought a potion of berserk rage for 70 gold pieces
  8269 | D:10     | Found a shimmering altar of Xom.
  8536 | D:10     | Found a staircase to the Orcish Mines.
  8555 | D:10     | Reached skill level 10 in Fighting
  8558 | D:10     | Received a gift from Trog
  8577 | D:10     | Got a brightly glowing mace {god gift}
  8578 | D:10     | Identified the +6 mace of Harmony {drain, Str+6} (Trog gifted it to you on level 10 of the Dungeon)
  9021 | D:11     | Noticed an eight-headed hydra
  9045 | D:11     | Killed an eight-headed hydra
  9045 | D:11     | Reached XP level 11. HP: 92/92 MP: 11/11
  9247 | D:11     | Noticed a brown ugly thing
  9257 | D:11     | Killed a brown ugly thing
  9257 | D:11     | Reached skill level 13 in Maces & Flails
  9970 | D:12     | Noticed a deep elf mage
  9990 | D:12     | Killed a deep elf mage
 10882 | D:12     | Killed an unseen horror
 10935 | D:12     | Reached skill level 14 in Maces & Flails
 10997 | D:12     | Noticed an orb spider
 11010 | D:12     | Killed an orb spider
 11110 | D:12     | Found a blossoming altar of Fedhas.
 11337 | D:12     | Noticed Psyche
 11345 | D:12     | Killed Psyche
 11695 | D:12     | Got a transparent robe
 11706 | D:12     | Identified the +2 robe of Boryrphigg {Str+4 Slay+3 Stlth-} (You found it on level 12 of the Dungeon)
 12291 | D:13     | Noticed a four-headed hydra
 12297 | D:13     | Killed a four-headed hydra
 12317 | D:13     | Reached XP level 12. HP: 94/100 MP: 12/12
 12344 | D:13     | Received a gift from Trog
 12491 | D:13     | Noticed a two-headed ogre
 12500 | D:13     | Killed a two-headed ogre
 12730 | D:13     | Noticed a centaur warrior
 12741 | D:13     | Killed a centaur warrior
 13045 | D:13     | Noticed a centaur warrior
 13052 | D:13     | Killed a centaur warrior
 13120 | D:13     | Noticed a catoblepas
 13134 | D:13     | Killed a catoblepas
 13134 | D:13     | Reached skill level 15 in Maces & Flails
 13854 | D:14     | Noticed a seven-headed hydra
 13859 | D:14     | Killed a seven-headed hydra
 13866 | D:14     | Noticed a centaur warrior
 14101 | D:14     | Killed a centaur warrior
 14167 | D:14     | Noticed a two-headed ogre
 14172 | D:14     | Killed a two-headed ogre
 14240 | D:14     | Found Gyrphew's Assorted Antiques.
 14411 | D:14     | Noticed Josephine
 14442 | D:14     | Killed Josephine
 14452 | D:14     | Reached ****** piety under Trog
 14626 | D:14     | Noticed a death knight
 14658 | D:14     | Killed a death knight
 14658 | D:14     | Gained mutation: When hurt, damage is shared between your health and your magic reserves. [demonic ancestry]
 14658 | D:14     | Reached XP level 13. HP: 82/109 MP: 13/13
 14771 | D:14     | Received a gift from Trog
 14771 | D:14     | Reached skill level 16 in Maces & Flails
 15242 | D:14     | Found a gate to the Vaults.
 16060 | D:14     | Noticed Snorg
 16066 | D:14     | Killed Snorg
 16438 | Lair:1   | Entered Level 1 of the Lair of Beasts
 17019 | Lair:1   | Reached skill level 17 in Maces & Flails
 17922 | Lair:2   | Received a gift from Trog
 17996 | Lair:2   | Reached XP level 14. HP: 119/119 MP: 11/14
 18423 | Lair:2   | Found a staircase to the Shoals.
 19232 | Lair:3   | Reached skill level 5 in Armour
 19317 | Lair:3   | Reached skill level 18 in Maces & Flails
 19328 | Lair:3   | Found a staircase to the Snake Pit.
 20314 | Lair:4   | Received a gift from Trog
 20624 | Lair:4   | Found a glowing golden altar of the Shining One.
 21869 | Lair:5   | Found a staircase to the Slime Pits.
 22012 | Lair:5   | Received a gift from Trog
 22903 | Lair:6   | Entered Level 6 of the Lair of Beasts
 23233 | Lair:6   | Gained mutation: You have a pair of large horns on your head. [demonic ancestry]
 23233 | Lair:6   | Reached XP level 15. HP: 125/125 MP: 15/15
 23303 | Lair:6   | Reached skill level 19 in Maces & Flails
 23339 | Lair:6   | HP: 3/187 [eight-headed hydra (7)]
 23342 | Lair:6   | Slain by an eight-headed hydra

Vault maps used:
D:1:      dpeg_arrival_three_bigger_balls, hangedman_decor_lopped
D:2:      gammafunk_temple_overflow_elements
D:3:      lemuel_crystal_altar, cheibriados_altar_1, uniq_terence
D:4:      dancing_weapons_uskayaw, lemuel_round_altar, marbit_many_paths,
          bloody_makhleb, kennysheep_mini_moat, first_ration,
          portal_sewer_entry_f
D:5:      serial_shops, shop, okawaru_metal_pillars_1_2
D:6:      nicolae_overflow_hidden_temple, nemelex_xobeh_ov_fountains_minmay,
          grunt_qazlal_sundering, minmay_temple_entry_statues
D:7:      hangedman_abyss_or_decor_slice
D:9:      lair_entry_dummy, serial_shops, nicolae_shop_waterfront
D:10:     kennysheep_orc_monster_closet_entryway, serial_shops,
          nicolae_shop_crystal, xom_teletrap_fun
D:12:     basic_altar, blue_anna_alchemist, uniq_psyche
D:14:     grunt_vaults_entry_tiered, serial_shops, shop_statue,
          serial_bayou_pond_d, uniq_snorg, uniq_josephine
Lair:1:   beast_lair_carwin_10, grunt_megastairs_2
Lair:2:   elwin_shoals_entry_rocks, beast_lair_carwin_1
Lair:3:   minmay_snake_entry_guardpost_small, minmay_holes
Lair:4:   cheibrodos_lair_overgrown_chateau, basic_altar, kennysheep_rathole,
          infiniplex_staircase_pool
Lair:5:   regret_index_tunnel_blossom, minmay_slime_entry_jelly_boxes
Lair:6:   gammafunk_lair_ancient_temple, pond
Sewer:    kennysheep_pipe_town

Skill      XL: |  1  2  3  4  5  6  7  8  9 10 11 12 13 14 15 |
---------------+----------------------------------------------+-----
Maces & Flails | 3 4 5 6 7 9 11 12 14 15 17 18 19 | 19.0
Fighting       | 4 5 6 7 8 10 11 12 13 | 13.7
Armour         | 3 7 |  7.4
Dodging        | |  1.7

Action                   |  1- 3 |  4- 6 |  7- 9 | 10-12 | 13-15 || total
-------------------------+-------+-------+-------+-------+-------++-------
Melee: Mace              |    78 |   232 |   287 |       |       ||   597
       Headbutt          |     8 |    29 |    59 |   135 |   217 ||   448
       Dire flail        |       |       |    34 |   564 |   849 ||  1447
Invok: Berserk           |       |     2 |     3 |    11 |    13 ||    29
  Use: Scroll            |     3 |     4 |    14 |     2 |     8 ||    31
       Potion            |       |       |     1 |     1 |     4 ||     6
 Stab: Sleeping          |     1 |       |       |       |       ||     1
  Eat: Chunk             |       |     8 |     9 |    25 |    38 ||    80
       Ration            |       |       |     2 |     3 |     2 ||     7
Armor: Animal skin       |    10 |       |       |       |       ||    10
       Plate armour      |    23 |   259 |   265 |   290 |   414 ||  1251
Dodge: Dodged            |    56 |   108 |    93 |   101 |   208 ||   566
       Rpst.: Mace       |       |       |    15 |       |       ||    15
       Dire flail        |       |       |       |    24 |    59 ||    83

Table legend:
 A = Spawn XP
 B = Non-spawn XP
 C = Spawn XP percentage of total XP
 D = Spawn monster count
 E = Non-spawn monster count
 F = Spawn count percentage of total count
 G = Total turns spent on level
                    A         B        C        D         E        F      G
               +---------+---------+-------+---------+---------+-------+---------
         Total |       0 |  107603 |   0.0 |       0 |     653 |   0.0 | 23342
               +---------+---------+-------+---------+---------+-------+---------
           D:1 |       0 |      60 |   0.0 |       0 |      28 |   0.0 |   867
           D:2 |       0 |     248 |   0.0 |       0 |      35 |   0.0 |   724
           D:3 |       0 |      99 |   0.0 |       0 |      30 |   0.0 |   620
           D:4 |       0 |     588 |   0.0 |       0 |      30 |   0.0 |  1151
           D:5 |       0 |     838 |   0.0 |       0 |      20 |   0.0 |   772
           D:6 |       0 |     503 |   0.0 |       0 |      11 |   0.0 |   648
           D:7 |       0 |     779 |   0.0 |       0 |       4 |   0.0 |   935
           D:8 |       0 |    2167 |   0.0 |       0 |      31 |   0.0 |   724
           D:9 |       0 |    2589 |   0.0 |       0 |      21 |   0.0 |  1287
          D:10 |       0 |    2065 |   0.0 |       0 |      28 |   0.0 |   737
          D:11 |       0 |    4041 |   0.0 |       0 |      23 |   0.0 |  1146
          D:12 |       0 |    5986 |   0.0 |       0 |      32 |   0.0 |  2320
          D:13 |       0 |    9054 |   0.0 |       0 |      32 |   0.0 |  1851
          D:14 |       0 |   21538 |   0.0 |       0 |      70 |   0.0 |  2263
        Lair:1 |       0 |    9773 |   0.0 |       0 |      40 |   0.0 |  1453
        Lair:2 |       0 |   11854 |   0.0 |       0 |      34 |   0.0 |  1089
        Lair:3 |       0 |    7043 |   0.0 |       0 |      25 |   0.0 |  1099
        Lair:4 |       0 |    7343 |   0.0 |       0 |      37 |   0.0 |  1671
        Lair:5 |       0 |   13546 |   0.0 |       0 |      83 |   0.0 |  1364
        Lair:6 |       0 |    7072 |   0.0 |       0 |      15 |   0.0 |   228
         Sewer |       0 |     417 |   0.0 |       0 |      24 |   0.0 |   393
               +---------+---------+-------+---------+---------+-------+---------
